 Dungeon Crawl Stone Soup version 0.27-a0-732-ga892ba84f6 (webtiles) character file.

Game seed: 6561743813317029255

112 Zeld the Insei (level 4, -1/34 HPs)
             Began as a Djinni Transmuter on Mar 23, 2021.
             Slain by an orc
             ... wielding a +0 short sword
              (6 damage)
             ... on level 4 of the Dungeon.
             The game lasted 00:06:52 (4122 turns).

Zeld the Insei (Djinni Transmuter)                  Turns: 4122, Time: 00:06:53

Health: -1/34      AC:  2    Str: 10    XL:     4   Next: 95%
Magic:  0/0        EV: 12    Int: 15    God:
Gold:   84         SH:  0    Dex: 13    Spells: 0/8 levels left

rFire    + . .     SeeInvis .     - Unarmed
rCold    . . .     Faith    .   (no shield)
rNeg     . . .     Spirit   .   a - +0 robe
rPois    ∞         Reflect  .   (no helmet)
rElec    .         Harm     .   (no cloak)
rCorr    .         Rampage  .   (no gloves)
Will     .....                  (boots unavailable)
Stlth    +.........             (no amulet)
HPRegen  0.11/turn              g - ring of ice
MPRegen  0.00/turn              (no ring)

@: flying
A: fire resistance 2, cold vulnerability 1, float, innate caster, hp casting,
extra vitality 1
a: no special abilities


You were on level 4 of the Dungeon.
You visited 1 branch of the dungeon, and saw 4 of its levels.

You collected 84 gold pieces.

Inventory:

Armour
 a - a +0 robe (worn)
Jewellery
 g - a ring of ice (right hand)
Scrolls
 b - 2 scrolls of magic mapping {unknown}
 d - 2 scrolls of enchant armour {unknown}
 e - 3 scrolls of noise {unknown}
 h - a scroll of enchant weapon {unknown}
 i - a scroll of blinking {unknown}
Potions
 c - a potion of flight {unknown}
 f - a potion of might {unknown}


   Skills:
 * Level 2.6 Fighting
 - Level 2.1 Dodging
 * Level 3.9 Unarmed Combat
 * Level 2.7 Spellcasting


You couldn't memorise any spells.
You knew the following spells:

 Your Spells              Type           Power      Damage    Failure   Level
a - Beastly Appendage     Tmut           20%        N/A       7%          1
b - Wereblood             Tmut           10%        N/A       10%         2
c - Spider Form           Tmut/Pois      5%         N/A       21%         3
d - Ice Form              Ice/Tmut       15%        N/A       54%         4
e - Blade Hands           Tmut           5%         N/A       88%         5
f - Corona                Hex            11%        N/A       7%          1
Your spell library was empty.

Dungeon Overview and Level Annotations

Branches:
Dungeon (4/15)
 Temple: D:4-7

Altars:
Fedhas
Nemelex Xobeh

Annotations:
D:3 1 runed translucent door, Crazy Yiuf


Innate Abilities, Weirdness & Mutations

You are immune to poison.
Your flesh is very heat resistant. (rF++)
You are vulnerable to cold. (rC-)
You float through the air rather than walking.
You learn spells naturally, not from books.
Your magical power is your life essence.
You have superior vitality. (+4 HP)


Message History

The orc hits you with a +0 short sword.
You hit the orc.
The orc is heavily wounded.
The ooze freezes you.
You are frozen.
The orc hits you with a +0 short sword.
You hit the orc but do no damage.
The orc is heavily wounded.
The ooze freezes you.
You are frozen.
The orc closely misses you.
You closely miss the orc.
The orc is heavily wounded.
The ooze freezes you.
You are frozen.
The orc barely misses you.
You are too injured to fight recklessly!
You are too injured to fight recklessly!
You are too injured to fight recklessly!
You are too injured to fight recklessly!
You hit the ooze.
The ooze is almost dead.
The ooze hits you but does no damage. The orc misses you.
Your horns disappear.
The orc closely misses you. The ooze hits you.
The ooze hits you but does no damage.
There is a stone staircase leading down here.
The orc closely misses you. The ooze freezes you.
You are frozen.
You fly downwards.
There is a stone staircase leading up here.
You hit the ooze.
You kill the ooze!
The orc hits you with a +0 short sword.
You hit the orc but do no damage.
The orc is heavily wounded.
The orc hits you with a +0 short sword!
* * * LOW HITPOINT WARNING * * *
You barely miss the orc.
The orc is heavily wounded.
The orc hits you with a +0 short sword.
You die...

### ..#
#######.#######
......o........
#@# #.# #.# #.#
#.# #.# #.# #.#


You could see an orc.

Vanquished Creatures
  Terence (D:2)
  2 adders (D:2)
  A shadow imp (D:3)
  2 dart slugs (D:1)
  5 ball pythons
  A giant cockroach (D:3)
  7 hobgoblins
  10 kobolds
  5 oozes
  2 quokkas (D:1)
  4 bats (D:1)
  3 frilled lizards (D:2)
  6 goblins
  5 rats
54 creatures vanquished.

Vanquished Creatures (others)
  3 plants (D:2)
3 creatures vanquished.

Grand Total: 57 creatures vanquished

Notes
Turn   | Place    | Note
-------+----------+-------------------------------------------
     0 | D:1      | Zeld the Djinni Transmuter began the quest for the Orb.
     0 | D:1      | Reached XP level 1. HP: 17/17 MP: 0/0
   434 | D:1      | Reached XP level 2. HP: 13/22 MP: 0/0
   653 | D:1      | Found a sparkling altar of Nemelex Xobeh.
  1417 | D:1      | Reached XP level 3. HP: 14/28 MP: 0/0
  1417 | D:1      | Learned a level 1 spell: Corona
  2230 | D:2      | Found a blossoming altar of Fedhas.
  2735 | D:2      | Reached XP level 4. HP: 19/33 MP: 0/0
  3233 | D:3      | Noticed Terence
  3244 | D:2      | Killed Terence
  4064 | D:3      | Found a runed translucent door.
  4065 | D:3      | Noticed Crazy Yiuf
  4122 | D:4      | Slain by an orc

Illustrated notes

Levels and vault maps discovered:
D:1:      shiori_arrival_oz, layout_basic, nemelex_xobeh_ov_fountains_minmay
D:2:      layout_basic, fedhas_ov_isle_minmay
D:3:      layout_basic, uniq_sigmund, uniq_crazy_yiuf_cottage, uniq_terence
D:4:      layout_loops_ring, nicolae_dithmenos_the_darkroom

Skill      XL: |  1  2  3 |
---------------+----------+-----
Spellcasting   | 2 |  2.7
Fighting       | 2 |  2.6
Dodging        | |  2.1
Unarmed Combat | |  3.9

Action                   |  1- 3 |  4- 6 || total
-------------------------+-------+-------++-------
Melee: Unarmed           |   144 |    53 ||   197
       Headbutt          |    10 |     7 ||    17
       Punch             |     1 |     1 ||     2
 Cast: Beastly Appendage |    25 |     9 ||    34
       Spider Form       |     2 |     1 ||     3
 Stab: Sleeping          |     2 |       ||     2
Armor: Robe              |    21 |     5 ||    26
Dodge: Dodged            |    95 |    34 ||   129

Table legend: (Time is in decaauts)
 A = Elapsed time spent in this place.
 B = Non-inter-level travel time spent in this place.
 C = Inter-level travel time spent in this place.
 D = Time resting spent in this place.
 E = Time spent auto-exploring this place.
 F = Levels seen in this place.
 G = Mean time per level.
                   A        B        C        D        E       F      G
               +--------+--------+--------+--------+--------+-----+--------+
         Total |   4109 |   4004 |    105 |    513 |   3050 |   4 | 1027.2 |
       Dungeon |   4109 |   4004 |    105 |    513 |   3050 |   4 | 1027.2 |
               +--------+--------+--------+--------+--------+-----+--------+

Top non-repeatable levels by time:
     D:1: 1966 daAuts
     D:2: 1606 daAuts
     D:3: 533 daAuts
     D:4: 2 daAuts
